Map: Traitor's Exile

Players

WolveN - Winner!

  • Race: Protoss Protoss
  • League: Platinum
  • Spawn Location: 6:00

Angelus - Winner!

  • Race: Zerg Zerg
  • League: Diamond
  • Spawn Location: 5:00

OpuS

  • Race: Protoss Protoss
  • League: Platinum
  • Spawn Location: 9:00

Sketchaphone

  • Race: Zerg Zerg
  • League: Platinum
  • Spawn Location: 12:00

VOD

Have the link to the VOD?

Description

Time

  • Played on: Feb. 24, 2019, 8:41 p.m.
  • Length: 15:07
Show
View Real Time Build Order
Export as new Build Order

WolveN Protoss - Winner!

Build Orders: 1 Gate Expand 

Get SALT Encoding   

  12  0:02  Probe  
  13  0:14  Probe  
  14  0:20  Pylon  
  14  0:26  Probe  
  15  0:38  Probe  
  15  0:42  Gateway  
  16  0:50  Probe  
  16  0:51  Assimilator  
  17  1:02  Probe  
  18  1:14  Probe  
  19  1:27  Probe  
  19  1:32  Nexus  
  20  1:39  Cybernetics Core  
  20  1:42  Probe  
  21  1:48  Assimilator  
  21  1:54  Probe  
  21  1:55  Warp Gate  
  22  2:04  Pylon  
  22  2:07  Probe  
  23  2:22  Probe  
  24  2:24  Robotics Facility  
  24  2:34  Probe  
  25  2:44  Probe  
  25  2:45  Stalker  
  25  2:46  Probe  
  25  2:49  Pylon  
  29  2:55  Gateway  
  29  2:56  Probe  
  30  2:59  Probe  
  31  3:08  Probe  
  31  3:11  Probe  
  33  3:18  Twilight Council  
  33  3:20  Probe  
  36  3:29  Probe  
  36  3:32  Assimilator  
  36  3:33  Probe  
  36  3:35  Pylon  
  36  3:41  Probe  
  37  3:42  Immortal  
  37  3:45  Probe  
  42  3:53  Probe  
  43  3:57  Probe  
  43  3:58  Sentry  
  43  4:01  Stalker  
  48  4:05  Charge  
  48  4:11  Twilight Council  
  48  4:22  Immortal  
  36  4:43  Stalker x2  
  40  5:02  Probe x2  
  42  5:19  Probe x2  
  42  5:20  Immortal  
  44  5:28  Forge  
  44  5:29  Probe  
  44  5:30  Probe  
  44  5:31  Stalker x2  
  54  5:37  Probe  
  54  5:38  Probe  
  56  5:46  Probe x2  
  56  5:49  Robotics Bay  
  54  6:09  Immortal  
  54  6:13  Stalker x2  
  58  6:44  Immortal  
  56  7:00  Nexus  
  53  7:01  Probe  
  53  7:02  Probe  
  55  7:14  Probe x2  
  46  7:25  Stalker x2  
  46  7:26  Probe x2  
  38  7:37  Photon Cannon  
  38  7:38  Probe x2  
  38  7:39  Photon Cannon  
  36  7:50  Probe x2  
  38  7:54  Stalker x2  
  42  7:58  Probe  
  42  7:59  Probe, Gateway  
  42  8:00  Gateway  
  42  8:03  Gateway  
  42  8:05  Gateway  
  44  8:06  Probe, Immortal  
  44  8:07  Probe  
  44  8:12  Probe  
  51  8:14  Pylon  
  51  8:16  Probe x2  
  51  8:19  Assimilator  
  53  8:22  Stalker  
  53  8:26  Stalker  
  57  8:28  Probe  
  58  8:41  Probe x2  
  60  8:45  Probe  
  61  8:53  Probe  
  62  8:56  Stalker  
  62  8:57  Stalker x2  
  68  9:06  Photon Cannon  
  68  9:08  Probe  
  69  9:12  Photon Cannon  
  69  9:17  Stalker x3  
  69  9:21  Probe x2  
  69  9:22  Probe  
  78  9:33  Probe x2  
  78  9:34  Probe  
  77  9:45  Probe x2  
  78  9:46  Stalker, Probe  
  78  9:51  Stalker  
  83  9:57  Probe x2  
  83  9:59  Assimilator  
  85  10:03  Assimilator  
  85  10:04  Probe  
  82  10:09  Probe x2  
  82  10:12  Stalker  
  82  10:16  Probe  
  82  10:27  Stalker  
  82  10:28  Stalker x3  
  62  10:36  Probe  
  62  10:37  Probe x2  
  62  10:46  Stalker x2  
  62  10:48  Probe  
  62  10:49  Probe x2  
  61  10:57  Photon Cannon  
  61  10:59  Photon Cannon  
  61  11:01  Probe x3  
  64  11:07  Stalker  
  66  11:13  Probe x3  
  69  11:22  Stalker x4  
  69  11:24  Probe  
  77  11:27  Probe x2  
  77  11:32  Probe  
  71  11:41  Probe  
  72  11:49  Zealot x2  
  72  11:50  Zealot  
  72  11:53  Probe  
  67  12:18  Zealot  
  67  12:19  Zealot x3  
  67  12:20  Zealot x2  
  67  12:21  Probe  
  67  12:22  Probe x2  
  82  12:34  Probe x3  
  85  12:37  Assimilator  
  83  12:46  Probe x2  
  84  12:57  Photon Cannon  
  84  12:58  Photon Cannon  
  84  13:09  Probe  
  85  13:13  Pylon  
  85  13:23  Forge  
  85  13:27  Forge  
  85  13:31  Probe x3  
  85  13:32  Pylon  
  88  13:37  Pylon  
  88  13:39  Stalker  
  88  13:40  Stalker  
  92  13:44  Probe  
  93  13:50  Probe x2  
  93  13:55  Nexus  
  89  13:56  Probe  
  89  13:58  Zealot x4  
  89  14:02  Probe x2  
  100  14:04  Probe  
  101  14:13  Probe  
  102  14:22  Probe  
  102  14:27  Zealot x3  
  109  14:33  Pylon  
  109  14:40  Photon Cannon  
  109  14:41  Photon Cannon  
  109  14:51  Probe x3  
  112  14:54  Pylon  
  112  14:55  Pylon  
  112  14:56  Pylon x2  
  112  15:00  Zealot  
  117  15:07  Pylon  
Show
View Real Time Build Order
Export as new Build Order

Angelus Zerg - Winner!

Build Orders: Hatch First 

Get SALT Encoding   

  12  0:02  Drone  
  13  0:14  Overlord  
  13  0:19  Drone  
  14  0:32  Drone  
  14  0:33  Drone  
  16  0:37  Drone  
  17  0:57  Hatchery  
  17  1:00  Drone  
  17  1:03  Extractor  
  16  1:05  Drone  
  17  1:20  Spawning Pool  
  16  1:28  Drone  
  16  1:31  Drone  
  18  1:35  Drone  
  19  1:44  Drone  
  20  1:59  Overlord  
  20  2:09  Queen  
  20  2:10  Queen  
  24  2:19  Roach Warren  
  23  2:29  Drone x2  
  26  2:30  Drone  
  26  2:35  Drone  
  27  2:40  Drone  
  28  2:50  Overlord  
  28  2:54  Overlord  
  28  3:04  Roach x2  
  28  3:05  Roach  
  34  3:08  Roach  
  36  3:18  Spore Crawler  
  35  3:20  Spore Crawler  
  35  3:25  Drone  
  35  3:26  Drone x2  
  37  3:27  Drone  
  38  3:35  Drone  
  38  3:36  Drone  
  38  3:37  Drone  
  38  3:38  Drone  
  42  3:43  Drone  
  42  3:45  Drone  
  44  3:56  Drone x2  
  44  3:57  Drone x2  
  44  4:00  Drone x2, Extractor  
  44  4:01  Drone  
  50  4:05  Overlord  
  49  4:17  Queen  
  40  4:34  Roach x2  
  40  4:35  Roach x3  
  50  4:44  Spine Crawler  
  45  4:46  Roach x2  
  45  5:04  Roach x5  
  51  5:32  Hatchery  
  50  5:46  Drone x3  
  49  6:14  Drone  
  49  6:15  Drone x2  
  52  6:26  Zergling x2  
  52  6:27  Metabolic Boost  
  53  6:45  Roach x3  
  59  7:01  Drone  
  60  7:02  Overlord  
  49  7:31  Roach x8  
  65  8:07  Overlord  
  65  8:08  Overlord x4  
  65  8:13  Lair, Extractor  
  65  8:16  Drone  
  65  8:17  Drone x3  
  65  8:19  Overlord x3  
  68  8:21  Spore Crawler  
  68  8:25  Spore Crawler  
  68  8:26  Spore Crawler  
  65  8:47  Drone x2  
  65  8:48  Hatchery  
  66  8:49  Drone x3  
  66  8:51  Drone x2  
  66  8:52  Drone x2  
  73  8:58  Extractor  
  72  9:10  Overlord x2  
  72  9:14  Hydralisk Den, Drone  
  72  9:17  Drone x3  
  72  9:18  Drone  
  76  9:25  Overseer x2  
  76  9:46  Grooved Spines  
  76  9:47  Glial Reconstitution  
  76  9:49  Hydralisk x3  
  76  9:50  Hydralisk x4  
  90  9:53  Hydralisk  
  90  9:57  Hydralisk  
  90  10:29  Hydralisk x5  
  90  10:30  Hydralisk x4  
  106  10:42  Queen  
  100  10:43  Drone  
  100  10:44  Drone x4  
  107  11:02  Muscular Augments  
  107  11:14  Hydralisk x7  
  117  11:39  Hydralisk  
  119  11:40  Hydralisk x5  
  113  12:07  Extractor  
  112  12:10  Extractor  
  107  12:19  Overseer x4  
  107  12:20  Pneumatized Carapace  
  93  12:31  Overseer  
  93  12:33  Drone x6  
  93  12:34  Drone x3  
  93  12:36  Hydralisk x3  
  93  12:37  Hydralisk x2  
  108  12:59  Hydralisk x3  
  112  13:08  Drone  
  113  13:20  Overlord x3  
  113  13:21  Overlord x6  
  113  13:22  Overlord  
  113  13:35  Hatchery  
  113  13:39  Roach  
  113  13:40  Roach x7  
  128  13:41  Roach  
  128  13:43  Hatchery  
  129  13:55  Roach  
  129  13:56  Roach x5  
  139  14:10  Roach  
  139  14:11  Roach x6  
  150  14:29  Spore Crawler  
  144  14:31  Spine Crawler  
  144  14:33  Spine Crawler  
  144  14:35  Spine Crawler, Drone  
  133  14:43  Drone  
  133  14:44  Drone x7  
Show
View Real Time Build Order
Export as new Build Order

OpuS Protoss 

Build Orders: Oracle Opening 

Get SALT Encoding   

  12  0:01  Probe  
  13  0:13  Probe  
  14  0:21  Pylon  
  14  0:25  Probe  
  15  0:39  Probe  
  16  0:44  Gateway  
  16  0:49  Probe  
  16  0:54  Assimilator  
  16  0:55  Assimilator  
  17  0:57  Probe  
  18  1:12  Gateway  
  18  1:13  Probe  
  19  1:21  Probe  
  18  1:29  Probe  
  19  1:35  Cybernetics Core  
  20  1:44  Pylon  
  20  1:51  Probe  
  21  1:57  Pylon  
  21  2:04  Probe  
  22  2:12  Stalker  
  22  2:14  Stalker  
  26  2:18  Warp Gate  
  26  2:22  Probe  
  27  2:34  Probe  
  28  2:39  Stargate  
  28  2:43  Stalker  
  28  2:45  Stalker  
  32  2:59  Pylon  
  32  3:11  Gateway  
  32  3:13  Oracle  
  32  3:19  Probe  
  36  3:51  Nexus  
  36  4:04  Pylon  
  36  4:24  Stalker x3  
  38  4:30  Twilight Council  
  42  4:44  Probe  
  43  4:54  Void Ray  
  43  4:55  Zealot x2  
  43  4:56  Zealot, Probe  
  50  5:17  Charge  
  50  5:21  Probe x2  
  50  5:22  Zealot x2  
  56  5:34  Probe x2  
  58  5:40  Void Ray  
  62  5:51  Pylon  
  50  6:10  Zealot x2  
  50  6:11  Zealot  
  48  6:18  Shield Battery  
  48  6:21  Shield Battery  
  48  6:22  Shield Battery  
  48  6:25  Void Ray  
  52  6:41  Zealot  
  52  6:42  Zealot x2  
  58  6:57  Probe x2  
  48  7:29  Zealot  
  42  7:30  Zealot x2, Void Ray  
  42  7:35  Gateway  
  50  7:37  Gateway  
  50  7:38  Gateway  
  50  7:46  Probe x2  
  52  7:52  Assimilator  
  52  7:56  Assimilator  
  52  8:07  Probe x2  
  54  8:13  Void Ray  
  54  8:16  Zealot x3  
  54  8:19  Probe  
  66  8:20  Probe  
  66  8:29  Dark Shrine, Templar Archives  
  66  8:41  Stalker x2  
  66  8:46  Stalker  
  72  8:58  Void Ray  
  76  9:12  Zealot  
  78  9:18  Pylon  
  78  9:20  Pylon  
  78  9:29  Nexus  
  78  9:46  Pylon  
  78  9:48  Zealot x3  
  84  9:54  Protoss Air Weapons Level 1  
  64  10:34  Zealot  
  64  10:35  Zealot x5  
  54  10:47  Probe x3  
  57  10:57  Dark Templar  
  57  10:59  Dark Templar x5  
  69  11:09  Gateway  
  69  11:11  Gateway  
  69  11:21  Void Ray  
  71  11:38  High Templar x2  
  71  11:39  High Templar x3  
  79  11:40  High Templar  
  79  11:42  Archon x3  
  79  11:43  Archon  
  79  11:44  Archon  
  71  12:07  Dark Templar x2  
  55  12:13  Dark Templar  
  56  12:17  Probe  
  56  12:18  Probe x2  
  59  12:32  Zealot x4  
  59  12:33  Zealot, Pylon  
  69  12:50  Probe  
  69  12:51  Probe x2  
  63  12:57  Robotics Facility  
  63  13:00  Robotics Facility  
  63  13:03  High Templar x2  
  63  13:04  Zealot x2  
  63  13:05  Zealot x4  
  79  13:06  Probe x3  
  82  13:19  Probe x2  
  84  13:20  Probe  
  85  13:30  Gateway  
  85  13:31  Gateway  
  85  13:32  Probe  
  85  13:33  Probe x2  
  88  13:36  Pylon  
  88  13:37  Assimilator  
  88  13:41  Assimilator  
  88  13:44  Dark Templar x2  
  88  13:45  Dark Templar  
  82  13:56  Dark Templar  
  84  14:03  Robotics Bay  
  84  14:10  Zealot x3  
  84  14:11  Zealot  
  92  14:23  Zealot x2  
  92  14:24  Zealot  
  98  14:25  Zealot  
  96  14:40  Zealot x4  
  96  14:41  Zealot  
  104  14:46  High Templar  
  104  14:47  High Templar  
  104  14:51  Assimilator  
  74  15:00  High Templar, Zealot  
  74  15:01  Zealot x2  
  74  15:03  Archon  
Show
View Real Time Build Order
Export as new Build Order

Sketchaphone Zerg 

Build Orders: Hatch First 

Get SALT Encoding   

  12  0:01  Drone  
  13  0:13  Overlord  
  13  0:18  Drone  
  14  0:22  Extractor  
  14  0:24  Drone  
  15  0:35  Drone  
  16  0:36  Drone  
  17  0:59  Drone  
  17  1:00  Hatchery  
  17  1:04  Drone  
  17  1:07  Extractor  
  17  1:26  Spawning Pool  
  17  1:31  Drone  
  17  1:39  Drone x2  
  19  1:42  Overlord  
  19  1:59  Drone  
  20  2:04  Drone  
  21  2:12  Metabolic Boost  
  21  2:13  Queen  
  23  2:18  Zergling x4  
  25  2:24  Drone  
  25  2:25  Drone  
  27  2:34  Roach Warren  
  26  2:37  Zergling x2  
  26  2:38  Zergling x2  
  28  2:57  Zergling x2  
  28  2:58  Overlord, Zergling x2  
  30  3:00  Overlord  
  30  3:07  Zergling x2  
  30  3:10  Zergling x2  
  32  3:16  Zergling x2  
  33  3:20  Roach  
  33  3:26  Roach x2  
  33  3:27  Roach x2  
  41  3:31  Drone  
  44  3:37  Queen  
  45  3:48  Roach x2  
  49  3:50  Ravager  
  50  3:56  Overlord  
  50  3:57  Drone  
  48  4:42  Drone x2  
  48  4:43  Lair  
  48  4:45  Extractor  
  48  4:47  Drone x7  
  40  5:25  Evolution Chamber  
  39  5:29  Pneumatized Carapace  
  39  5:30  Overlord  
  39  5:32  Overlord  
  39  5:33  Overlord  
  39  5:34  Hatchery  
  38  5:36  Zergling x16  
  46  5:43  Burrow  
  46  5:46  Glial Reconstitution  
  46  5:52  Zergling x8  
  46  5:53  Zergling x2  
  51  6:04  Zergling x8  
  52  6:12  Zergling x4  
  52  6:18  Zergling x2  
  34  6:34  Zergling x6  
  36  6:46  Queen  
  29  7:02  Drone x2  
  25  7:09  Zergling x10  
  24  7:25  Roach x2  
  24  7:37  Zergling x8  
  27  7:52  Queen  
  27  7:53  Evolution Chamber  
  27  7:54  Hatchery  
  27  8:12  Roach  
  31  8:13  Roach  
  30  8:21  Roach  
  30  8:24  Ravager  
  30  8:25  Ravager  
  33  8:34  Roach  
  35  8:43  Drone  
  36  8:53  Ravager  
  36  8:54  Ravager x2  
  39  8:58  Roach  
  41  9:16  Drone x3  
  44  9:19  Drone  
  45  9:26  Drone  
  45  9:28  Drone  
  47  9:40  Roach  
  47  9:42  Roach  
  51  9:46  Drone  
  51  9:49  Drone  
  51  9:51  Drone  
  53  10:11  Roach x2  
  33  10:44  Roach  
  33  10:45  Roach x9  
  33  10:46  Drone  
  33  10:49  Drone  
  55  10:56  Drone, Extractor  
  53  11:12  Roach x3  
  53  11:14  Roach  
  53  11:16  Zergling x2  
  35  11:40  Roach x10  
  35  11:46  Roach x10  
  33  12:08  Hatchery  
  32  12:22  Roach x10  
  32  12:36  Lair  
  32  12:40  Roach x7  
  12  13:08  Drone x6, Extractor  
  12  13:09  Extractor  
  16  13:22  Drone  
  6  14:06  Drone  
  4  14:33  Roach x2  
  4  14:34  Roach x3  
Tags
 
Add a new tag
Caveats
  • Supply blocks, unpowered buildings, or Contaminate may cause inaccurate times.
  • Supply counts are checked every 10 seconds.